 Dungeon Crawl Stone Soup version 0.29-a0-294-g83ea962da3 (webtiles) character file.

Game seed: 11872649075484830103

14 Leszczynek the Chopper (level 2, 4/22 HPs)
             Began as a Human Gladiator on Mar 18, 2022.
             Quit the game on level 2 of the Dungeon.
             The game lasted 00:02:27 (290 turns).

Leszczynek the Chopper (Human Gladiator)             Turns: 290, Time: 00:02:27

Health: 4/22       AC:  4    Str: 14    XL:     2   Next: 60%
Magic:  2/2        EV: 12    Int:  8    God:
Gold:   23         SH:  0    Dex: 14    Spells: 1/1 levels left

rFire   . . .      SeeInvis .   a - +0 war axe
rCold   . . .      Faith    .   (no shield)
rNeg    . . .      Spirit   .   b - +0 leather armour
rPois   .          Reflect  .   c - +0 helmet
rElec   .          Harm     .   (no cloak)
rCorr   .          Rampage  .   (no gloves)
Will    .....                   (no boots)
Stlth   +.........              (no amulet)
HPRegen 0.07/turn               (no ring)
MPRegen 0.08/turn               (no ring)

@: lethally poisoned (4 -> -1)
A: no striking features
a: no special abilities


You were on level 2 of the Dungeon.
You visited 1 branch of the dungeon, and saw 2 of its levels.

You collected 23 gold pieces.

Inventory:

Hand Weapons
 a - a +0 war axe (weapon)
Missiles
 d - 2 throwing nets (quivered)
 e - a javelin
Armour
 b - a +0 leather armour (worn)
 c - a +0 helmet (worn)
Scrolls
 g - a scroll of identify {unknown}
 h - a scroll of teleportation {unknown}


   Skills:
 - Level 2.0 Fighting
 + Level 3.8 Axes
 - Level 2.0 Throwing
 - Level 3.0 Dodging


You had one spell level left.
You didn't know any spells.
Your spell library contained the following spells:

 Spells                   Type           Power      Damage    Failure   Level
 Animate Skeleton         Necr           0%         N/A       50%         1
 Apportation              Tloc           0%         N/A       50%         1
 Summon Small Mammal      Summ           0%         N/A       50%         1


Dungeon Overview and Level Annotations

Branches:
Dungeon (2/15)

Altars:


Message History

You swing at nothing.
You swing at nothing.
You swing at nothing.
A kobold comes into view. It is wielding a +0 whip.
An adder comes into view.
The adder hisses angrily.
The kobold throws a stone.
The stone hits you but does no damage.
A hobgoblin comes into view.
It was a potion of heal wounds.
You feel much better.
The kobold throws a stone.
The stone closely misses you. The adder bites you.
You are poisoned.
The adder poisons you!
Throw: 3 throwing nets
Press: ? - help, Q - select action, (/) - cycle Shift-Dir - straight line, f - adder
Aim: an adder (42% to hit)
You throw a throwing net. The throwing net hits the adder.
The adder is caught in the net!
You feel sick.
The adder struggles against the net.
You barely miss the adder.
You feel sick.
The adder struggles against the net.
You slash the adder!
The adder is severely wounded.
You hit the kobold.
You kill the kobold!
You feel sick.
The adder struggles against the net. x2
You hit the adder but do no damage.
The adder is heavily wounded.
You feel sick.
The adder struggles against the net. x2
The net rips apart, and the adder comes free!
You closely miss the adder. You punch the adder.
The adder is severely wounded.
You feel sick. The adder bites you.
You are more poisoned.
The adder poisons you!
You hit the adder.
The adder is almost dead.
You feel very sick. The adder misses you. The adder bites you.
* * * LOW HITPOINT WARNING * * *
Are you sure you want to abandon this character and quit the game? (Confirm with "yes".)

...........##.#.#
...........#....#
#####.......#....#
.......(....#....#
............#....#
............#....#
............# ...#
..........).##.#.#
.........@S......###
.....######.........
..... #.....### ....
#K....# ...
...............# ###
........##.#...#
......#.# .# ..#
......$.# .. .#
......##. #. #


You could see an adder.

Vanquished Creatures
  A ball python (D:1)
  2 bats (D:2)
  2 goblins
  A hobgoblin (D:2)
  A quokka (D:2)
  3 kobolds (D:2)
  4 rats
14 creatures vanquished.

Notes
Turn   | Place    | Note
-------+----------+-------------------------------------------
     0 | D:1      | Leszczynek the Human Gladiator began the quest for the Orb.
     0 | D:1      | Reached XP level 1. HP: 16/16 MP: 1/1
   154 | D:2      | Reached XP level 2. HP: 16/22 MP: 2/2
   198 | D:2      | i'll die to bats, great
   289 | D:2      | HP: 4/22 [adder (2)]
   290 | D:2      | Quit the game

Illustrated notes

..###..........#
#..........#
#####..........#
............####
............# #
............#####...#
.....................
##########b#.########
#.......b@#
#........)#
#.......).#
#.........#
.......##.#.# .......
....# .......#....#
..(:...#....#
......b#....#


Turn 198 on D:2: i'll die to bats, great

Levels and vault maps discovered:
D:1:      evilmike_arrival_hilbert_curve, layout_basic, nicolae_grassy_gnolls
D:2:      layout_basic, roderic_lattice_a, st_stairs_7, minmay_surrounded

Action                   || total
-------------------------++-------
Melee: War axe           ||    44
       Punch             ||     1
Throw: Throwing net      ||     1
  Use: Potion            ||     1
 Stab: Sleeping          ||     1
Armor: Leather armour    ||    33
Dodge: Dodged            ||    59

Table legend: (Time is in decaauts)
 A = Elapsed time spent in this place.
 B = Non-inter-level travel time spent in this place.
 C = Inter-level travel time spent in this place.
 D = Time resting spent in this place.
 E = Time spent auto-exploring this place.
 F = Levels seen in this place.
 G = Mean time per level.
                   A        B        C        D        E       F      G
               +--------+--------+--------+--------+--------+-----+--------+
         Total |    320 |    320 |      0 |      0 |      0 |   2 |  160.0 |
       Dungeon |    320 |    320 |      0 |      0 |      0 |   2 |  160.0 |
               +--------+--------+--------+--------+--------+-----+--------+

Top non-repeatable levels by time:
     D:2: 183 daAuts
     D:1: 137 daAuts
